 Dungeon Crawl Stone Soup version 0.19.0 (webtiles) character file.

7 Franakus the Stinger (level 2, -1/17 HPs)
             Began as an Octopode Venom Mage on Nov 1, 2016.
             Slain by an ooze (5 damage)
             ... on level 1 of the Dungeon.
             The game lasted 00:02:39 (266 turns).

Franakus the Stinger (Octopode Venom Mage)           Turns: 266, Time: 00:02:40

Health: -1/17      AC:  1    Str:  7    XL:     2   Next: 4%
Magic:  0/5        EV: 13    Int: 17    God:
Gold:   49         SH:  0    Dex: 12    Spells: 1 memorised, 4 levels left

rFire  . . .     SeeInvis .     f - -2 hunting sling (curse)
rCold  . . .     Gourm    .     (no shield)
rNeg   . . .     Faith    .     (helmet restricted)
rPois  .         Spirit   .     (no amulet)
rElec  .         Reflect  .     (no ring)
rCorr  .         Harm     .     (no ring)
MR     .....                    (no ring)
Stlth  +++.......               (no ring)
                                (no ring)
                                (no ring)
                                (no ring)
                                (no ring)

@: very slightly contaminated
A: almost no armour, stealthy swim, amphibious, 8 rings, constrict 8, camouflage
1, gelatinous body 1
a: no special abilities


You were on level 1 of the Dungeon.
You were not hungry.

You visited 1 branch of the dungeon, and saw 1 of its levels.

You collected 49 gold pieces.

Inventory:

Hand Weapons
 f - a cursed -2 hunting sling (weapon)
Missiles
 g - 14 stones (quivered)
Scrolls
 e - a scroll of recharging
Books
 a - a Young Poisoner's Handbook

   Spells                             Type                      Level
   a - Sting                          Conjuration/Poison           1
   b - Mephitic Cloud                 Conjuration/Poison/Air       3
   c - Olgreb's Toxic Radiance        Poison                       4
   d - Alistair's Intoxication        Transmutation/Poison         5
   e - Venom Bolt                     Conjuration/Poison           5
Comestibles
 b - 2 bread rations


   Skills:
 + Level 2.0 Dodging
 + Level 2.6 Stealth
 + Level 0.2 Unarmed Combat
 + Level 2.0 Spellcasting
 + Level 0.2 Conjurations
 + Level 5.2 Poison Magic


You had 4 spell levels left.
You knew the following spells:

 Your Spells              Type           Power        Failure   Level  Hunger
a - Sting                 Conj/Pois      ##..         10%         1    #......


Dungeon Overview and Level Annotations

Branches:
Dungeon (1/15)

Altars:


Innate Abilities, Weirdness & Mutations

You cannot wear most types of armour.
You are very stealthy in the water. (Stealth+)
You are amphibious.
You can wear up to eight rings at the same time.
You can use your tentacles to constrict eight enemies at once.
Your skin changes colour to match your surroundings (Stealth+).
Your rubbery body absorbs attacks. (AC +1, EV +1)


Message History

The ooze barely misses you. The ooze misses you.
You clumsily bash the ooze but do no damage.
The ooze is almost dead.
The ooze hits you.
Casting: Sting
Confirm with . or Enter, or press ? or * to list all spells.
Aiming: Sting
Press: ? - help, Shift-Dir - straight line, f/p - ooze
Aim: an ooze (almost dead)
You miscast Sting.
You are very lightly contaminated with residual magic.
Nothing appears to happen.
The ooze hits you.
A dart slug comes into view.
The dart slug moves out of view.
The ooze closely misses you. The dart slug launches a dart at you.
The slug dart hits you!
* * * LOW HITPOINT WARNING * * *
The ooze hits you.
You die...

#......!...##.##.#.#...# .#
#.......J...#.##.......##+##.#
#...........#.####..##.......#
#...####+##.#.#.....##.#..#..#
#.. #....#.#.#...##....#.####
.. #..###.#.###.####.(.....# #
#..###.#..##.....######.#
#......##w######.# #.#
#.#######@# #.# #.#
#.#.....J.# #.# #.#
#...####### #.######.# #####
#...#....# ###.#.#### #...#
#####


You could see an ooze and a dart slug.

Vanquished Creatures
  A dart slug (D:1)
  3 jackals (D:1)
  A bat (D:1)
5 creatures vanquished.

Vanquished Creatures (others)
  4 toadstools (D:1)
4 creatures vanquished.

Grand Total: 9 creatures vanquished

Notes
Turn   | Place    | Note
-------+----------+-------------------------------------------
     0 | D:1      | Franakus the Octopode Venom Mage began the quest for the Orb.
     0 | D:1      | Reached XP level 1. HP: 11/11 MP: 3/3
    46 | D:1      | Reached skill level 5 in Poison Magic
   237 | D:1      | Reached XP level 2. HP: 12/17 MP: 3/5
   266 | D:1      | Slain by an ooze

Skill      XL: |  1 |
---------------+----+-----
Poison Magic   | 5 |  5.2
Dodging        | |  2.0
Stealth        | |  2.6
Unarmed Combat | |  0.2
Spellcasting   | |  2.0
Conjurations   | |  0.2

Action                   || total
-------------------------++-------
Melee: Unarmed           ||     5
       Tentacles         ||     2
       Constrict         ||     1
       Hunting sling     ||     2
 Cast: Sting             ||    10
  Use: Scroll            ||     3
Armor: Skin              ||     1
Dodge: Dodged            ||    10
